 Dungeon Crawl Stone Soup version 0.29.1-15-g9cfb28693d (webtiles) character file.

Game seed: 11948946163067033684

4296 leetdood the Cleaver (level 10, -12/90 HPs)
             Began as a Minotaur Fighter on Mar 11, 2023.
             Was a Believer of Okawaru.
             Mangled by an orc warlord
             ... wielding a +4 battleaxe
              (26 damage)
             ... in a bailey.
             The game lasted 00:33:48 (7104 turns).

leetdood the Cleaver (Minotaur Fighter)             Turns: 7104, Time: 00:33:48

Health: -12/90     AC: 18    Str: 24 (26) XL:     10   Next: 11%
Magic:  7/9        EV:  9    Int:  4 (5)  God:    Okawaru [**....]
Gold:   368        SH:  8    Dex:  8 (9)  Spells: 9/9 levels left

rFire   + . .      SeeInvis .   J - +0 broad axe
rCold   + . .      Faith    .   c - +1 buckler
rNeg    . . .      Spirit   .   r - +0 chain mail
rPois   +          Reflect  .   (helmet restricted)
rElec   +          Harm     .   b - +0 cloak
rCorr   +          Rampage  .   (no gloves)
Will    .....                   u - +0 pair of boots
Stlth   ..........              h - amulet of regeneration
HPRegen 1.05/turn               (no ring)
MPRegen 0.11/turn               (no ring)

@: brilliant, resistant, heroic, attractive, hasted, unable to read, very quick
A: horns 2, retaliatory headbutt, iridescent scales 1, inability to read after
injury 1
a: Renounce Religion, Heroism


You were in a bailey.
You worshipped Okawaru.
Okawaru was pleased with you.
You visited 2 branches of the dungeon, and saw 8 of its levels.
You also visited: Sewer and Bailey.

You collected 368 gold pieces.

Inventory:

Hand Weapons
 a - a +0 war axe
 J - a +0 broad axe (weapon)
Missiles
 k - 19 poisoned darts (quivered)
 B - 2 silver javelins
 F - 7 boomerangs
 H - 4 atropa-tipped darts
Armour
 b - a +0 cloak (worn)
 c - a +1 buckler (worn)
 r - a +0 chain mail (worn)
 u - a +0 pair of boots (worn)
 z - a scarf of resistance
Jewellery
 h - an amulet of regeneration (around neck)
Wands
 x - a wand of roots (6)
 A - a wand of flame (16)
 G - a wand of polymorph (13)
Scrolls
 d - 4 scrolls of amnesia {unknown}
 e - 2 scrolls of fog {unknown}
 f - 3 scrolls of enchant armour
 g - 2 scrolls of poison {unknown}
 l - 4 scrolls of teleportation {unknown}
 m - 7 scrolls of identify {unknown}
 n - 2 scrolls of enchant weapon {unknown}
 q - a scroll of summoning {unknown}
 s - 2 scrolls of noise {unknown}
 v - 2 scrolls of immolation {unknown}
 y - 2 scrolls of fear {unknown}
 C - a scroll of vulnerability {unknown}
 K - a scroll of magic mapping {unknown}
Potions
 j - a potion of curing
 t - a potion of resistance
 D - 2 potions of mutation
 E - a potion of flight {unknown}
 I - 2 potions of haste


   Skills:
 + Level 8.7(13.7) Fighting
 * Level 11.3(16.3) Axes
 + Level 8.8(13.8) Armour
 + Level 8.7(13.7) Shields


You had 9 spell levels left.
You didn't know any spells.
Your spell library contained the following spells:

 Spells                   Type           Power      Damage    Failure   Level
 Necrotise                Necr           0%         1d4       96%         1
 Spider Form              Tmut/Pois      0%         N/A       100%        3
 Vampiric Draining        Necr           0%         2d6       100%        3
 Dispel Undead            Necr           0%         3d6       100%        4
 Agony                    Necr           0%         N/A       100%        5


Dungeon Overview and Level Annotations

Branches:
Dungeon (7/15)             Temple (1/1) D:5           Sewer (visited)
 Bailey (1/1)

Altars:
Cheibriados
Dithmenos
Elyvilon
Fedhas
Gozag
Hepliaklqana
Kikubaaqudgha
Okawaru
Ru
Sif Muna
Uskayaw
Vehumet
Wu Jian
Xom
Yredelemnul
The Shining One

Shops:
D:5 =   D:7 ?

Annotations:
D:3 3 runed translucent doors, roninjake's ghost, novice GrEE


Innate Abilities, Weirdness & Mutations

You have a pair of horns on your head.
You reflexively headbutt those who attack you in melee.
You are partially covered in iridescent scales. (AC +2)
You occasionally lose the ability to read scrolls when taking damage.


Message History

It was a potion of attraction.
You feel attractive to monsters.
You feel like a meek peon again. You block the orc warlord's attack.
It was a potion of brilliance.
You feel clever all of a sudden.
The orc warrior no longer looks unusually strong.
The orc warlord roars a battlecry!
The orc warrior goes into a battle-frenzy!
You fail to use your ability.
You block the orc warlord's attack.
You fail to use your ability.
The orc warrior no longer looks unusually strong.
The orc warlord hits you with a +4 battleaxe!!
You gain the combat prowess of a mighty hero.
You block the orc warlord's attack.
It was a potion of resistance.
You feel protected.
You can read scrolls again.
You block the orc warlord's attack.
It was a potion of degeneration.
There was something very wrong with that liquid.
You feel weakened.
You feel dopey.
You feel clumsy.
The orc warlord hits you with a +4 battleaxe!!
You feel threatened and lose the ability to read scrolls!
* * * LOW HITPOINT WARNING * * *
It was a potion of haste.
You feel yourself speed up.
The orc warlord hits you with a +4 battleaxe.
* * * LOW HITPOINT WARNING * * *
You slash the orc warlord!
The orc warlord is moderately wounded.
You slash the orc warlord!
You headbutt the orc warlord, but do no damage.
The orc warlord is moderately wounded.
The orc warlord roars a battlecry!
The orc warrior goes into a battle-frenzy!
You slash the orc warlord! You headbutt the orc warlord.
The orc warlord is heavily wounded.
You slash the orc warlord! You headbutt the orc warlord.
The orc warlord is severely wounded.
The orc warlord hits you with a +4 battleaxe!!
You die...

.........#...........#
.........#...........#
[.......###.......).###
#.....###.###.....#)#.###
###.###
...###.###)....### ..###
.... ###.........## ...#
..... #8..........# ...#
....og#8..........# ...#
....goo@....⌠....∩# ...#
.....o#8..........# ...#
..... #8..........# ..###
.... ###.........##
###.###
...###.###.....###
#.....###.###.....#'#.###
........###.........###
.........#...........#
.........#...........#


You could see an orc warlord, 3 orc warriors and 2 goblins.

Vanquished Creatures
  Pikel (D:4)
  An orc knight (Bailey)
  A wraith (D:7)
  2 water moccasins
  9 orc warriors (Bailey)
  2 sky beasts (D:7)
  An ice beast (D:6)
  4 ogres
  4 lemures (D:4)
  A kobold brigand (D:5)
  A bullfrog (D:7)
  A necrophage (D:5)
  5 scorpions (D:5)
  4 wights (D:7)
  A howler monkey (D:5)
  2 orc priests
  4 hounds
  3 jellies
  2 iguanas
  6 orc wizards
  7 gnolls (Bailey)
  12 adders
  2 river rats (D:4)
  2 shadow imps
  A white imp (D:7)
  5 worms
  4 dart slugs
  32 orcs
  9 ball pythons
  5 endoplasms
  3 giant cockroaches
  17 goblins
  11 hobgoblins
  4 jackals
  5 quokkas
  4 bats
  5 frilled lizards
  11 kobolds
  3 rats
197 creatures vanquished.

Notes
Turn   | Place    | Note
-------+----------+-------------------------------------------
     0 | D:1      | leetdood the Minotaur Fighter began the quest for the Orb.
     0 | D:1      | Reached XP level 1. HP: 19/19 MP: 0/0
    70 | D:1      | Reached XP level 2. HP: 23/27 MP: 1/1
   431 | D:1      | Reached skill level 3 in Axes
   587 | D:1      | Reached XP level 3. HP: 27/33 MP: 2/2
   769 | D:2      | Reached XP level 4. HP: 36/40 MP: 3/3
   837 | D:2      | Found a shimmering altar of Xom.
  1307 | D:2      | Reached skill level 4 in Axes
  1704 | D:3      | Found a basalt altar of Yredelemnul.
  1786 | D:3      | Reached XP level 5. HP: 30/47 MP: 4/4
  2335 | D:3      | Found a runed translucent gate.
  2343 | D:3      | Found a runed translucent gate.
  2344 | D:3      | Found a runed translucent gate.
  2458 | D:3      | Noticed roninjake's ghost (novice GrEE)
  2604 | D:3      | Found a white marble altar of Elyvilon.
  2852 | D:4      | Noticed an ogre
  2891 | D:4      | Noticed an ogre
  2957 | D:4      | Noticed a lemure
  2958 | D:4      | Noticed Pikel
  3011 | D:4      | Killed an ogre
  3012 | D:4      | Reached skill level 5 in Fighting
  3012 | D:4      | Reached skill level 5 in Axes
  3012 | D:4      | Reached skill level 5 in Shields
  3012 | D:4      | Reached XP level 6. HP: 56/56 MP: 5/5
  3023 | D:4      | Reached skill level 5 in Armour
  3153 | D:4      | Killed Pikel
  3154 | D:4      | Reached skill level 7 in Axes
  3154 | D:4      | Reached XP level 7. HP: 48/63 MP: 6/6
  3271 | D:4      | Found a glowing drain.
  3280 | Sewer    | Entered a sewer
  3328 | Sewer    | Reached XP level 8. HP: 40/70 MP: 7/7
  4120 | D:5      | Entered Level 5 of the Dungeon
  4260 | D:5      | Reached skill level 8 in Axes
  4413 | D:5      | Found a staircase to the Ecumenical Temple.
  4416 | D:5      | Got Iblu's Verses on Mutagenic Sinister Mysteries
  4426 | Temple   | Entered the Ecumenical Temple
  4747 | D:5      | Found a blossoming altar of Fedhas.
  4925 | D:5      | Found Keraezen's Jewellery Shop.
  5409 | D:6      | Reached skill level 9 in Axes
  5424 | D:6      | Found a shimmering blue altar of Sif Muna.
  5525 | D:6      | Reached XP level 9. HP: 79/79 MP: 8/8
  5711 | D:6      | Found an iron altar of Okawaru.
  5719 | D:6      | Became a worshipper of Warmaster Okawaru
  6075 | D:7      | Found a flagged portal.
  6144 | D:7      | Found Keufatum's Magic Scroll Emporium.
  6155 | D:7      | Reached * piety under Okawaru
  6356 | D:7      | Reached skill level 10 in Axes
  6714 | Bailey   | Entered a bailey
  6833 | Bailey   | Noticed an orc knight
  6855 | Bailey   | Killed an orc knight
  6855 | Bailey   | Reached ** piety under Okawaru
  6856 | Bailey   | Reached skill level 11 in Axes
  6857 | Bailey   | Reached XP level 10. HP: 53/90 MP: 5/9
  7078 | Bailey   | Noticed an orc warlord
  7090 | Bailey   | Gained mutation: You occasionally lose the ability to read
                  | scrolls when taking damage. [potion of mutation]
  7090 | Bailey   | Gained mutation: You are partially covered in iridescent
                  | scales. (AC +2) [potion of mutation]
  7104 | Bailey   | Mangled by an orc warlord

Illustrated notes

Levels and vault maps discovered:
D:1:      wander_arrival_abandoned_jail, layout_basic,
          chequers_serial_rivers_micro_e
D:2:      layout_basic, basic_altar
D:3:      layout_loops_ring, yredelemnul_altar_generic, elyvilon_altar_5,
          gammafunk_ghost_necromancy, corexii_item_surrounded_by_moat,
          wad_woods_river_04, kennysheep_small_spiral
D:4:      layout_cave_pools, cheibrodos_sewer_entry_sluice, kennysheep_boxes,
          uniq_pikel
D:5:      layout_basic, fedhas_ov_isle_minmay, minmay_temple_entry_sparse_star,
          serial_shops, nicolae_lakefront_shop, minmay_quadrilaterals
D:6:      layout_basic, mainiacjoe_overflow_tiny_flanked,
          kennysheep_okawaru_gauntlet
D:7:      layout_basic, nemelex_spade_bored_becter, serial_shops, shop,
          enter_bailey_5
Temple:   minmay_temple_curvy_loop
Bailey:   bailey_axe_minmay_hex_keep, bailey

Skill      XL: |  1  2  3  4  5  6  7  8  9 |
---------------+----------------------------+-----
Fighting       | 4 5 6 7 8 |  8.7
Axes           | 3 4 5 7 9 11 | 11.3
Armour         | 4 5 6 7 8 |  8.8
Shields        | 4 5 6 7 8 |  8.7

Action                   |  1- 3 |  4- 6 |  7- 9 | 10-12 || total
-------------------------+-------+-------+-------+-------++-------
Melee: War axe           |    60 |   134 |   255 |       ||   449
       Headbutt          |     5 |    23 |    60 |    15 ||   103
       Broad axe         |       |       |    24 |    53 ||    77
Throw: Dart              |       |       |     2 |       ||     2
Invok: Heroism           |       |       |     2 |     5 ||     7
  Use: Potion            |       |     6 |       |     9 ||    15
       Scroll            |       |     1 |       |       ||     1
Armor: Scale mail        |    21 |    67 |    16 |       ||   104
       Chain mail        |       |       |    79 |     9 ||    88
Dodge: Dodged            |    20 |    56 |    83 |     9 ||   168
Block: Buckler           |    15 |    25 |    78 |    15 ||   133
